 Dungeon Crawl Stone Soup version 0.25.1-2-g60ff931df9 (webtiles) character file.

Game seed: 7938945674602499194

2617 DogServant the Quickloader (level 9, -3/81 HPs)
             Began as a Kobold Hunter on Oct 16, 2020.
             Was a Follower of Okawaru.
             Slain by a hog (8 damage)
             ... on level 8 of the Dungeon.
             The game lasted 00:14:58 (8038 turns).

DogServant the Quickloader (Kobold Hunter)          Turns: 8038, Time: 00:14:58

Health: -3/81      AC: 24    Str: 10    XL:     9   Next: 91%
Magic:  9/9        EV:  3    Int: 12    God:    Okawaru [*.....]
Gold:   351        SH:  0    Dex: 24    Spells: 6/8 levels left

rFire    . . .     SeeInvis .   u - +0 hand axe (elec)
rCold    + . .     Gourm    .   (shield restricted)
rNeg     + + +     Faith    .   (armour currently unavailable)
rPois    +         Spirit   .   (helmet currently unavailable)
rElec    .         Reflect  .   (cloak currently unavailable)
rCorr    .         Harm     .   (gloves currently unavailable)
MR       .....     NoTele   +   (boots currently unavailable)
Stlth    ++........             (no amulet)
HPRegen  0.23/turn              l - +6 ring of dexterity
MPRegen  0.11/turn              t - ring of protection from cold

@: tree-form, hasted, very quick
A: small, carnivore
a: Heroism, Renounce Religion


You were on level 8 of the Dungeon.
You worshipped Okawaru.
Okawaru was aware of your devotion.
You were very full.
You were a tree.
You visited 2 branches of the dungeon, and saw 9 of its levels.

You collected 351 gold pieces.

Inventory:

Hand Weapons
 a - a +2 hand crossbow
 b - a +0 short sword
 u - a +0 hand axe of electrocution (weapon)
 D - a +1 trident of flaming
 E - a +0 shortbow
Missiles
 A - 39 arrows
Armour
 c - a +0 leather armour (melded)
 q - a +2 pair of boots (melded)
 w - a +2 hat (melded)
 x - a +0 ring mail
Jewellery
 e - an uncursed ring of protection from cold
 l - a +6 ring of dexterity (left branch)
 t - a ring of protection from cold (right branch)
Wands
 i - a wand of polymorph (18)
 p - a wand of acid (6)
 s - a wand of flame (22)
 y - a wand of enslavement (11)
Scrolls
 g - 6 scrolls of remove curse
 k - 4 scrolls of enchant armour
 v - a scroll of amnesia
 z - a scroll of holy word
Potions
 h - a potion of degeneration
 j - 2 potions of mutation
 m - 2 potions of brilliance
 n - 2 potions of invisibility
 o - a potion of lignification
 r - 3 potions of flight
Comestibles
 f - 10 rations


   Skills:
 - Level 5.0 Fighting
 - Level 5.0 Short Blades
 + Level 10.5 Crossbows
 + Level 4.3 Armour
 - Level 5.3 Dodging
 - Level 1.3 Stealth
 + Level 4.5 Transmutations


You had 6 spell levels left.
You knew the following spells:

 Your Spells              Type           Power        Failure   Level  Hunger
a - Sticks to Snakes      Tmut           ##......     8%          2    ###....

Your spell library contained the following spells:

 Spells                   Type           Power        Failure   Level  Hunger
 Beastly Appendage        Tmut           ##....       5%          1    ##.....
 Spider Form              Tmut/Pois      #.........   36%         3    ####...
 Ice Form                 Ice/Tmut       #.......     78%         4    #####..
 Blade Hands              Tmut           ##........   82%         5    ######.


Dungeon Overview and Level Annotations

Branches:
Dungeon (8/15)             Temple (1/1) D:7
   Lair: D:8-11

Altars:
Dithmenos
Elyvilon
Fedhas
Gozag
Hepliaklqana
Kikubaaqudgha
Makhleb
Nemelex Xobeh
Okawaru
Qazlal
Ru
Sif Muna
Uskayaw
Vehumet
Wu Jian
Xom
Yredelemnul
Zin
The Shining One

Annotations:
D:5 2 transporters, patan's ghost, novice TrFi
D:7 Maggie


Innate Abilities, Weirdness & Mutations

You are small and have problems with some larger weapons.
You are carnivorous and can eat meat at any time.


Message History

The bolt of acid hits the hog!
The hog is splashed with acid!
The hog is almost dead.
The hog bites you but does no damage.
Evoke which item? (* to show all) (? for menu, Esc to quit)
Aiming: Corrosive Bolt
Press: ? - help, Shift-Dir - straight line, f - hog
Aim: a hog The bolt of acid misses the hog.
The bolt of acid hits the hog!
The hog is splashed with acid.
The hog seems to be corroded for longer.
You kill the hog!
Okawaru is honoured by your kill.
You can now gain great but temporary skills.
The hog bites you but does no damage. x2
Evoke which item? (* to show all) (? for menu, Esc to quit)
Aiming: Corrosive Bolt
Press: ? - help, Shift-Dir - straight line, f/p - hog
Aim: a hog The bolt of acid misses the hog.
The hog bites you!
You die...

#<# #.# #.# #.# #.#
#.# #.# #.# #######
.#.###.########.....#
#..............#.....#
#.#.###.#####.####'###
... #.# #..#....%# #.#
#.♣h†..%%# #.#
##h####### #.# ### #.#
#.


You could see 2 hogs.

Vanquished Creatures
  Sigmund (D:3)
  2 hogs (D:8)
  A human (D:8)
  An ice beast (D:5)
  3 orc warriors
  3 sky beasts
  2 ogres
  A centaur (D:8)
  2 bullfrogs
  2 scorpions
  An electric eel (D:8)
  A howler monkey (D:6)
  2 crimson imps (D:5)
  A hound (D:7)
  5 orc priests
  Terence (D:2)
  3 worker ants
  9 orc wizards
  11 adders
  2 shadow imps
  An ooze (D:1)
  An adder skeleton (D:6)
  3 worms
  4 dart slugs
  4 leopard geckos
  31 orcs
  10 bats
  6 giant cockroaches
  8 goblins
  2 hobgoblins
  9 jackals
  9 kobolds
  2 quokkas
  2 ball pythons (D:1)
  4 frilled lizards
  A jackal skeleton (D:4)
  A quokka zombie (D:5)
  10 rats
162 creatures vanquished.

Vanquished Creatures (others)
  6 plants (D:5)
6 creatures vanquished.

Grand Total: 168 creatures vanquished

Notes
Turn   | Place    | Note
-------+----------+-------------------------------------------
     0 | D:1      | DogServant the Kobold Hunter began the quest for the Orb.
     0 | D:1      | Reached XP level 1. HP: 12/12 MP: 1/1
   114 | D:1      | Reached skill level 1 in Short Blades
   114 | D:1      | Reached skill level 5 in Crossbows
   120 | D:1      | Reached XP level 2. HP: 16/17 MP: 2/2
   431 | D:1      | Reached XP level 3. HP: 18/21 MP: 3/3
  1119 | D:2      | Noticed Terence
  1122 | D:2      | Killed Terence
  1122 | D:2      | Reached XP level 4. HP: 26/26 MP: 4/4
  1608 | D:2      | Reached skill level 6 in Crossbows
  1865 | D:2      | Reached XP level 5. HP: 13/30 MP: 5/5
  2268 | D:3      | Noticed an ogre
  2275 | D:3      | Killed an ogre
  2275 | D:3      | Reached skill level 5 in Short Blades
  2275 | D:3      | Reached XP level 6. HP: 24/35 MP: 6/6
  2403 | D:3      | Found a blossoming altar of Fedhas.
  2561 | D:3      | Noticed Sigmund
  2574 | D:3      | Killed Sigmund
  2574 | D:3      | Reached skill level 7 in Crossbows
  2586 | D:3      | Reached XP level 7. HP: 14/41 MP: 7/7
  2942 | D:3      | Found a hide-covered altar of Uskayaw.
  3125 | D:3      | Found a sacrificial altar of Ru.
  3965 | D:4      | Reached XP level 8. HP: 40/48 MP: 8/8
  4266 | D:5      | Entered Level 5 of the Dungeon
  4297 | D:5      | Identified the +5 spear of Odup {vamp, rF+ MR+ Dex+3}
  4361 | D:5      | Reached skill level 8 in Crossbows
  4710 | D:5      | Reached skill level 5 in Dodging
  4728 | D:5      | Noticed patan's ghost (novice TrFi)
  4797 | D:5      | Found a transporter.
  4797 | D:5      | Found a transporter.
  5009 | D:5      | Reached skill level 5 in Fighting
  5109 | D:5      | Reached skill level 1 in Armour
  5295 | D:6      | Learned a level 2 spell: Sticks to Snakes
  5302 | D:6      | Reached skill level 9 in Crossbows
  5490 | D:6      | Reached skill level 1 in Transmutations
  5791 | D:6      | Reached XP level 9. HP: 54/54 MP: 9/9
  6250 | D:7      | Found an opulent altar of Gozag.
  6300 | D:7      | Found a shimmering blue altar of Sif Muna.
  6509 | D:7      | Noticed Maggie
  6866 | D:7      | Found a white marble altar of Elyvilon.
  7090 | D:7      | Found a sparkling altar of Nemelex Xobeh.
  7530 | D:8      | Reached skill level 10 in Crossbows
  7950 | D:7      | Found a staircase to the Ecumenical Temple.
  7959 | Temple   | Entered the Ecumenical Temple
  7966 | Temple   | Became a worshipper of Warmaster Okawaru
  8034 | D:8      | HP: 4/81 [hog (4)]
  8037 | D:8      | Reached * piety under Okawaru
  8038 | D:8      | Slain by a hog

Illustrated notes

Levels and vault maps discovered:
D:1:      roderic_chinese_lattice_arrival, layout_rooms
D:2:      layout_loops_ring, uniq_terence
D:3:      layout_loops_ring, lemuel_doored_altar,
          nicolae_ru_the_path_less_chosen, eat_drink_and_be_merry_uskayaw,
          kennysheep_nondescript, minmay_close_crescents, uniq_sigmund
D:4:      layout_cave_pools, cheibrodos_sewer_entry_bend, minmay_cut_off
D:5:      layout_loops_cross, first_ration, gammafunk_ghost_gnarly_gnolls
D:6:      layout_loops_ring, hangedman_abyss_or_decor_slice
D:7:      layout_basic, elyvilon_altar_4, nemelex_altar_shiori, led_sif_pool,
          overflow_temple_1_default, minmay_temple_entry_poolview, uniq_maggie
D:8:      layout_basic, enter_bailey_3, grunt_livestock
Temple:   nicolae_temple_no_exploring_needed

Skill      XL: |  1  2  3  4  5  6  7  8  9 |
---------------+----------------------------+-----
Short Blades   | 1 2 3 5 |  5.0
Crossbows      | 5 6 7 9 10 | 10.5
Fighting       | 3 4 5 |  5.0
Dodging        | 3 4 5 |  5.3
Armour         | 2 4 |  4.3
Transmutations | 1 4 |  4.5
Stealth        | |  1.3

Action                   |  1- 3 |  4- 6 |  7- 9 || total
-------------------------+-------+-------+-------++-------
Melee: Short sword       |    83 |    75 |    63 ||   221
       Hand axe          |       |       |    30 ||    30
 Fire: Hand crossbow     |    17 |    46 |   298 ||   361
 Cast: Sticks to Snakes  |       |       |     3 ||     3
Evoke: Wand              |       |       |     4 ||     4
  Use: Scroll            |     2 |       |    17 ||    19
       Potion            |       |       |     2 ||     2
 Stab: Sleeping          |     2 |     1 |     1 ||     4
  Eat: Chunk             |     9 |     5 |    16 ||    30
Armor: Leather armour    |    31 |    11 |    46 ||    88
       Skin              |       |       |     5 ||     5
Dodge: Dodged            |    71 |    66 |   175 ||   312
